 Dungeon Crawl Stone Soup version 0.25-a0-1130-g3926558f3a (webtiles) character file.

Game seed: 1242663933950958151, levelgen mode: deterministic

100 MisterFreud the Skirmisher (level 4, -3/33 HPs)
             Began as an Octopode Gladiator on May 19, 2020.
             Slain by a gnoll
             ... wielding a +0 club
              (6 damage)
             ... on level 2 of the Dungeon.
             The game lasted 00:01:25 (2017 turns).

MisterFreud the Skirmisher (Octopode Gladiator)     Turns: 2017, Time: 00:01:27

Health: -3/33      AC:  1    Str: 13    XL:     4   Next: 73%
Magic:  4/4        EV: 14    Int: 11    God:
Gold:   96         SH:  0    Dex: 13    Spells: 3/3 levels left

rFire    . . .     SeeInvis .   a - +0 long sword
rCold    . . .     Gourm    .   (no shield)
rNeg     . . .     Faith    .   b - +0 hat
rPois    .         Spirit   .   (no amulet)
rElec    .         Reflect  .   g - ring of flight
rCorr    .         Harm     .   (no ring)
MR       .....                  (no ring)
Stlth    ++........             (no ring)
HPRegen  0.11/turn              (no ring)
MPRegen  0.09/turn              (no ring)
                                (no ring)
                                (no ring)

@: lethally poisoned (-3 -> -6)
A: almost no armour, stealthy swim, amphibious, 8 rings, constrict 8, camouflage
1, gelatinous body 1
a: Evoke Flight


You were on level 2 of the Dungeon.
You were not hungry.

You visited 1 branch of the dungeon, and saw 2 of its levels.

You collected 96 gold pieces.

Inventory:

Hand Weapons
 a - a +0 long sword (weapon)
Missiles
 c - 3 throwing nets (quivered)
Armour
 b - a +0 hat (worn)
Jewellery
 g - a ring of flight (left tentacle)
Wands
 f - a wand of polymorph (7)
Scrolls
 e - 2 scrolls of identify {unknown}
 h - a scroll of noise {unknown}
Potions
 k - a potion of flight {unknown}
Comestibles
 d - 4 rations
 i - 3 chunks of flesh


   Skills:
 - Level 4.0 Fighting
 + Level 4.0 Long Blades
 - Level 2.0 Throwing
 - Level 3.0 Dodging


You had 3 spell levels left.
You didn't know any spells.
Your spell library was empty.

Dungeon Overview and Level Annotations

Branches:
Dungeon (2/15)

Altars:


Innate Abilities, Weirdness & Mutations

You cannot wear most types of armour.
You are very stealthy in the water. (Stealth+)
You are amphibious.
You can wear up to eight rings at the same time.
You can use your tentacles to constrict eight enemies at once.
Your skin changes colour to match your surroundings (Stealth+).
Your rubbery body absorbs attacks. (AC +1, EV +1)


Message History

You kill the adder!
You feel sick.
The gnoll hits you from afar with a +0 spear!
* * * LOW HITPOINT WARNING * * *
The gnoll barely misses you.
It was a potion of heal wounds.
You feel much better.
The gnoll hits you from afar with a +0 spear.
You feel sick. The gnoll barely misses you.
You riposte.
You closely miss the gnoll. Your grab misses the gnoll. You squeeze the gnoll!
The gnoll is heavily wounded.
You slash the gnoll!
You kill the gnoll!
Your Long Blades skill increases to level 4!
You hit the gnoll. Your grab misses the gnoll.
The gnoll is moderately wounded.
You feel sick. The gnoll hits you with a +0 club! The gnoll barely misses you.
The gnoll hits you from afar with a +0 spear!
* * * LOW HITPOINT WARNING * * *
The gnoll hits you with a +0 club.
You die...

######### .[......#
.g......# ### .......$# #..
........#################..
.......ggg@.............'..
#########################..
#.. #.. #.. #(. #.. #.. #..


You could see 3 gnolls.

Vanquished Creatures
  A gnoll (D:2)
  4 adders (D:2)
  A worm (D:2)
  A dart slug (D:2)
  5 leopard geckos
  2 bat zombies (D:1)
  5 giant cockroaches
  2 goblins (D:1)
  3 hobgoblins (D:1)
  2 jackals (D:2)
  3 kobolds
  2 ball pythons
  3 bats
  A frilled lizard (D:2)
  10 rats
45 creatures vanquished.

Notes
Turn   | Place    | Note
-------+----------+-------------------------------------------
     0 | D:1      | MisterFreud the Octopode Gladiator began the quest for the
                  | Orb.
     0 | D:1      | Reached XP level 1. HP: 14/14 MP: 1/1
   322 | D:1      | Reached XP level 2. HP: 20/20 MP: 2/2
   692 | D:1      | Reached XP level 3. HP: 26/26 MP: 3/3
  1480 | D:2      | Reached XP level 4. HP: 23/33 MP: 4/4
  2017 | D:2      | Slain by a gnoll

Illustrated notes

Levels and vault maps discovered:
D:1:      saegor_arrival_fortress, layout_loops_ring
D:2:      layout_basic, chequers_ecumenical_altar_twisty, grunt_ministairs_13,
          minmay_cut_off, uniq_terence

Skill      XL: |  1  2  3  4 |
---------------+-------------+-----
Fighting       | 3 4 |  4.0
Long Blades    | 4 |  4.0
Throwing       | |  2.0
Dodging        | |  3.0

Action                   |  1- 3 |  4- 6 || total
-------------------------+-------+-------++-------
Melee: Long sword        |    50 |    23 ||    73
       Constrict         |    19 |     4 ||    23
       Tentacles         |     9 |     5 ||    14
  Use: Potion            |       |     1 ||     1
 Stab: Sleeping          |     3 |     2 ||     5
  Eat: Chunk             |     2 |     1 ||     3
Armor: Skin              |     9 |     1 ||    10
Dodge: Dodged            |    41 |    15 ||    56
       Rpst.: Long sword |    12 |     4 ||    16

Table legend:
 A = Non-vault XP
 B = Vault XP
 C = Vault XP percentage of total XP
 D = Non-vault monster count
 E = Vault monster count
 F = Vault count percentage of total count
                 A         B        C        D         E       F
            +---------+---------+-------+---------+---------+-------
      Total |     131 |      12 |   8.4 |      38 |       7 |  15.6
            +---------+---------+-------+---------+---------+-------
        D:1 |      30 |       4 |  11.8 |      17 |       2 |  10.5
        D:2 |     101 |       8 |   7.3 |      21 |       5 |  19.2
            +---------+---------+-------+---------+---------+-------
